BLB
NEW ORLEANS VOODOO @ PITTSBURGH MILLERS
05/09/2060
 
TOP OF THE 1ST
New Orleans Voodoo batting - Pitching for Pittsburgh Millers : RHP Justice Michael
Pitching: RHP Justice Michael
Batting: LHB Jordy Wovchanoff 0-0: Foul Ball, location: 2F
0-1: SINGLE (Line Drive, 6D, EV 104.4 MPH)
Batting: LHB Daryl Walken 0-0: Ball
1-0: Fly out, F8 (Flyball, 89D, EV 100.6 MPH)
Batting: RHB Dez Swanson 0-0: Called Strike
0-1: Foul Ball, location: 2F
0-2: Ball
1-2: Strikes out looking
Batting: LHB Tuck Vrsek 0-0: Swinging Strike
0-1: Ground out 4-3 (Groundball, 34, EV 103.8 MPH)
Top of the 1st over - 0 runs, 1 hit, 0 errors, 1 left on base; New Orleans 0 - Pittsburgh 0
BOTTOM OF THE 1ST
Pittsburgh Millers batting - Pitching for New Orleans Voodoo : RHP Lucas Kirchner
Pitching: RHP Lucas Kirchner
Batting: LHB Byron Carlton 0-0: Called Strike
0-1: Called Strike
0-2: Ball
1-2: Ball
2-2: SINGLE (Line Drive, 56, EV 96.9 MPH)
Batting: RHB Tevin Hawkins 0-0: Called Strike
Byron Carlton steals 2nd base
0-1: Ground out 5-3 (Groundball, 56S, EV 70.0 MPH)
Byron Carlton to third
Batting: RHB Isaac Pack 0-0: Called Strike
0-1: Ball
1-1: Ball
2-1: SINGLE (Flyball, 3D, EV 93.8 MPH)
Byron Carlton scores
Batting: RHB LaMark Canete 0-0: Ball
1-0: Ball
2-0: Ball
3-0: Called Strike
3-1: Called Strike
3-2: Strikes out swinging
Isaac Pack steals 2nd base
Batter strikes out.
Batting: RHB Colton Coffin 0-0: Ball
1-0: Foul Ball, location: 2F
1-1: Swinging Strike
1-2: Ball
2-2: Ball
3-2: DOUBLE (Line Drive, 89XD, EV 110.0 MPH)
Isaac Pack scores
Batting: RHB Cato Flaig 0-0: Ball
1-0: Fly out, F2 (Popup, 25F, EV 83.8 MPH)
Bottom of the 1st over - 2 runs, 3 hits, 0 errors, 1 left on base; New Orleans 0 - Pittsburgh 2
TOP OF THE 2ND
New Orleans Voodoo batting - Pitching for Pittsburgh Millers : RHP Justice Michael
Batting: RHB Darrin Cramer 0-0: Ball
1-0: Fly out, F9 (Flyball, 89S, EV 88.1 MPH)
Batting: RHB Peyton Ames 0-0: Called Strike
0-1: Foul Ball, location: 2F
0-2: SINGLE (Line Drive, 56, EV 95.0 MPH)
Batting: LHB Darrell Petty 0-0: Called Strike
0-1: Fly out, F7 (Flyball, 7S, EV 78.1 MPH)
Batting: LHB Jarquez Kafele 0-0: Ball
1-0: SINGLE (Groundball, 6D, EV 96.9 MPH)
Peyton Ames to second
Batting: RHB D'Angelo James 0-0: Called Strike
0-1: Swinging Strike
0-2: Ball
1-2: SINGLE (Groundball, 34D, EV 109.4 MPH)
Peyton Ames to third
Jarquez Kafele to second
Runner from 3rd tries for Home, SAFE, throw by RF to home
Batting: LHB Jordy Wovchanoff 0-0: Ball
1-0: Foul Ball, location: 2F
1-1: Ground out U3 (Groundball, 34S, EV 85.6 MPH)
Top of the 2nd over - 1 run, 3 hits, 0 errors, 2 left on base; New Orleans 1 - Pittsburgh 2
BOTTOM OF THE 2ND
Pittsburgh Millers batting - Pitching for New Orleans Voodoo : RHP Lucas Kirchner
Batting: RHB Seth Laskie 0-0: Called Strike
0-1: Ball
1-1: Ball
2-1: Foul Ball, location: 2F
2-2: Strikes out swinging
Batting: RHB William Adkins 0-0: Called Strike
0-1: Ball
1-1: Swinging Strike
1-2: Ground out 3-1 (Groundball, 13, EV 83.8 MPH)
Batting: RHB Conner Wilson 0-0: Swinging Strike
0-1: Ball
1-1: Called Strike
1-2: Foul Ball, location: 2F
1-2: Strikes out swinging, 2-3 out at first.
Bottom of the 2nd over - 0 runs, 0 hits, 0 errors, 0 left on base; New Orleans 1 - Pittsburgh 2
TOP OF THE 3RD
New Orleans Voodoo batting - Pitching for Pittsburgh Millers : RHP Justice Michael
Batting: LHB Daryl Walken 0-0: Ball
1-0: Called Strike
1-1: Called Strike
1-2: Ball
2-2: Fly out, F9 (Line Drive, 9S, EV 100.0 MPH)
Batting: RHB Dez Swanson 0-0: Called Strike
0-1: Ball
1-1: SINGLE (Groundball, 34D, EV 105.0 MPH)
Batting: LHB Tuck Vrsek 0-0: Ball
1-0: Called Strike
1-1: 2-RUN HOME RUN (Flyball, 8LXD, EV 101.9 MPH), Distance : 411 ft
Batting: RHB Darrin Cramer 0-0: Ball
1-0: TRIPLE (Flyball, 89XD, EV 106.2 MPH)
Batting: RHB Peyton Ames 0-0: Ball
1-0: Ball
2-0: Fly out, F7 (Flyball, 7D, EV 84.4 MPH)
Runner from 3rd tags up, SCORES, no throw by LF
Batting: LHB Darrell Petty 0-0: Ball
1-0: SINGLE (Flyball, 78S, EV 91.2 MPH)
Batting: LHB Jarquez Kafele 0-0: Ground out U3 (Groundball, 3, EV 88.8 MPH)
Top of the 3rd over - 3 runs, 4 hits, 0 errors, 1 left on base; New Orleans 4 - Pittsburgh 2
BOTTOM OF THE 3RD
Pittsburgh Millers batting - Pitching for New Orleans Voodoo : RHP Lucas Kirchner
Batting: LHB Byron Carlton 0-0: Foul Ball, location: 2F
0-1: Ball
1-1: Called Strike
1-2: Ball
2-2: Ball
3-2: Foul Ball, location: 2F
3-2: SINGLE (Groundball, 6MS, EV 68.8 MPH) (infield hit)
Batting: RHB Tevin Hawkins 0-0: Ball
1-0: Ball
Byron Carlton is caught stealing 2nd base 2-4
2-0: Called Strike
2-1: Ground out 4-3 (Groundball, 4, EV 85.0 MPH)
Batting: RHB Isaac Pack 0-0: Ball
1-0: Ball
2-0: Ball
3-0: Base on Balls
Batting: RHB LaMark Canete 0-0: Ball
1-0: Called Strike
1-1: Swinging Strike
1-2: SINGLE (Groundball, 34D, EV 96.9 MPH)
Isaac Pack to second
Runner from 2nd tries for 3rd, SAFE, throw by RF made to third
Batting: RHB Colton Coffin 0-0: Ball
1-0: Swinging Strike
1-1: Ball
2-1: Fielders Choice at 2nd, 6-4 (Groundball, 6, EV 88.1 MPH)
Bottom of the 3rd over - 0 runs, 2 hits, 0 errors, 2 left on base; New Orleans 4 - Pittsburgh 2
TOP OF THE 4TH
New Orleans Voodoo batting - Pitching for Pittsburgh Millers : RHP Justice Michael
Batting: RHB D'Angelo James 0-0: Ball
1-0: Ball
2-0: Ball
3-0: Base on Balls
Batting: LHB Jordy Wovchanoff 0-0: DOUBLE (Line Drive, 78D, EV 95.6 MPH)
D'Angelo James to third
Batting: LHB Daryl Walken 0-0: Foul Ball, location: 2F
0-1: Ball
1-1: Called Strike
1-2: Ball
2-2: Foul Ball, location: 2F
2-2: Ball
3-2: Base on Balls
Batting: RHB Dez Swanson 0-0: Called Strike
0-1: Swinging Strike
0-2: SINGLE (Groundball, 56, EV 93.8 MPH)
D'Angelo James scores
Jordy Wovchanoff to third
Daryl Walken to second
Pitching: RHP Whitney Harris
Batting: LHB Tuck Vrsek 0-0: SINGLE (Groundball, 6M, EV 98.1 MPH)
Jordy Wovchanoff scores
Daryl Walken to third
Dez Swanson to second
Batting: RHB Darrin Cramer 0-0: Ball
1-0: Called Strike
1-1: Ball
2-1: Grounds into double play, 6-2-3 (Groundball, 6, EV 89.4 MPH)
Dez Swanson to third
Tuck Vrsek to second
Batting: RHB Peyton Ames 0-0: Swinging Strike
0-1: Foul Ball, location: 2F
0-2: Strikes out swinging
Top of the 4th over - 2 runs, 3 hits, 0 errors, 2 left on base; New Orleans 6 - Pittsburgh 2
BOTTOM OF THE 4TH
Pittsburgh Millers batting - Pitching for New Orleans Voodoo : RHP Lucas Kirchner
Batting: RHB Cato Flaig 0-0: Called Strike
0-1: Fly out, F4 (Popup, 23, EV 85.6 MPH)
Batting: RHB Seth Laskie 0-0: Foul Ball, location: 2F
0-1: Foul Ball, location: 2F
0-2: Ball
1-2: Foul Ball, location: 2F
1-2: Strikes out swinging
Batting: RHB William Adkins 0-0: Ball
1-0: Ball
2-0: Ball
3-0: Base on Balls
Batting: RHB Conner Wilson 0-0: Swinging Strike
0-1: Ball
1-1: Ball
Pickoff Throw to First - Out! 1-3 CS
Bottom of the 4th over - 0 runs, 0 hits, 0 errors, 0 left on base; New Orleans 6 - Pittsburgh 2
TOP OF THE 5TH
New Orleans Voodoo batting - Pitching for Pittsburgh Millers : RHP Whitney Harris
Batting: LHB Darrell Petty 0-0: Swinging Strike
0-1: Ball
1-1: Swinging Strike
1-2: SOLO HOME RUN (Flyball, 78XD, EV 98.1 MPH), Distance : 390 ft
Batting: LHB Jarquez Kafele 0-0: Ball
1-0: Ball
2-0: Foul Ball, location: 2F
2-1: Swinging Strike
2-2: Fly out, F6 (Popup, 15S, EV 90.6 MPH)
Batting: RHB D'Angelo James 0-0: Called Strike
0-1: Ball
1-1: Ball
2-1: Swinging Strike
2-2: Ball
3-2: Foul Ball, location: 2F
3-2: Fly out, F7 (Flyball, 7, EV 91.9 MPH)
Batting: LHB Jordy Wovchanoff 0-0: SINGLE (Groundball, 56S, EV 95.6 MPH)
Batting: LHB Daryl Walken 0-0: Called Strike
0-1: Ball
1-1: Fly out, F8 (Flyball, 78M, EV 87.5 MPH)
Top of the 5th over - 1 run, 2 hits, 0 errors, 1 left on base; New Orleans 7 - Pittsburgh 2
BOTTOM OF THE 5TH
Pittsburgh Millers batting - Pitching for New Orleans Voodoo : RHP Lucas Kirchner
Batting: RHB Conner Wilson 0-0: Ball
1-0: Ball
2-0: Foul Ball, location: 2F
2-1: Swinging Strike
2-2: Strikes out swinging
Batting: LHB Byron Carlton 0-0: Ball
1-0: Called Strike
1-1: Swinging Strike
1-2: Foul Ball, location: 2F
1-2: Ball
2-2: DOUBLE (Flyball, 78D, EV 106.2 MPH)
Pitching: RHP Max Sivak
Batting: RHB Tevin Hawkins 0-0: Ball
1-0: Fly out, F7 (Flyball, 7, EV 87.5 MPH)
Batting: RHB Isaac Pack 0-0: Fly out, F9 (Flyball, 9, EV 78.1 MPH)
Bottom of the 5th over - 0 runs, 1 hit, 0 errors, 1 left on base; New Orleans 7 - Pittsburgh 2
TOP OF THE 6TH
New Orleans Voodoo batting - Pitching for Pittsburgh Millers : RHP Whitney Harris
Batting: RHB Dez Swanson 0-0: Fly out, F7 (Flyball, 78M, EV 93.1 MPH)
Batting: LHB Tuck Vrsek 0-0: Called Strike
0-1: Ground out 6-3 (Groundball, 6, EV 86.2 MPH)
Batting: RHB Darrin Cramer 0-0: Fly out, F4 (Line Drive, 4M, EV 64.4 MPH)
Top of the 6th over - 0 runs, 0 hits, 0 errors, 0 left on base; New Orleans 7 - Pittsburgh 2
BOTTOM OF THE 6TH
Pittsburgh Millers batting - Pitching for New Orleans Voodoo : RHP Max Sivak
Batting: RHB LaMark Canete 0-0: Called Strike
0-1: Ball
1-1: Ball
2-1: Called Strike
2-2: Strikes out swinging
Batting: RHB Colton Coffin 0-0: Ball
1-0: Ball
2-0: Ball
3-0: Base on Balls
Batting: RHB Cato Flaig 0-0: Ball
1-0: Grounds into double play, 4-6-3 (Groundball, 34, EV 90.0 MPH)
Bottom of the 6th over - 0 runs, 0 hits, 0 errors, 0 left on base; New Orleans 7 - Pittsburgh 2
TOP OF THE 7TH
New Orleans Voodoo batting - Pitching for Pittsburgh Millers : RHP Whitney Harris
Batting: RHB Peyton Ames 0-0: Foul Ball, location: 2F
0-1: Ball
1-1: Ball
2-1: Ground out 5-3 (Groundball, 56S, EV 65.0 MPH)
Pitching: LHP Phil Cole
Batting: LHB Darrell Petty 0-0: Fly out, F4 (Popup, 4D, EV 68.1 MPH)
Batting: LHB Jarquez Kafele 0-0: Ground out U3 (Groundball, 3, EV 82.5 MPH)
Top of the 7th over - 0 runs, 0 hits, 0 errors, 0 left on base; New Orleans 7 - Pittsburgh 2
BOTTOM OF THE 7TH
Pittsburgh Millers batting - Pitching for New Orleans Voodoo : RHP Max Sivak
Batting: RHB Seth Laskie 0-0: Ball
1-0: Ball
2-0: Ball
3-0: Base on Balls
Batting: RHB William Adkins 0-0: Called Strike
0-1: SINGLE (Line Drive, 89S, EV 102.5 MPH)
Seth Laskie to second
Batting: RHB Conner Wilson 0-0: Ball
1-0: Foul Ball, location: 2F
1-1: Swinging Strike
1-2: Ball
2-2: Strikes out swinging
Pitching: LHP Kaleb Shannahan
Batting: LHB Byron Carlton 0-0: Called Strike
0-1: Ball
1-1: Ball
Seth Laskie is caught stealing 3rd base 2-5
2-1: Ball
3-1: DOUBLE (Line Drive, 78D, EV 111.9 MPH)
William Adkins to third
Batting: RHB Tevin Hawkins 0-0: Ball
1-0: Ball
2-0: Ball
3-0: Foul Ball, location: 2F
3-1: Fly out, F9 (Flyball, 89M, EV 73.8 MPH)
Bottom of the 7th over - 0 runs, 2 hits, 0 errors, 2 left on base; New Orleans 7 - Pittsburgh 2
TOP OF THE 8TH
New Orleans Voodoo batting - Pitching for Pittsburgh Millers : LHP Phil Cole
Batting: RHB D'Angelo James 0-0: Ball
1-0: Called Strike
1-1: Fly out, F8 (Flyball, 8LM, EV 94.4 MPH)
Batting: LHB Jordy Wovchanoff 0-0: Ball
1-0: SINGLE (Line Drive, 89S, EV 97.5 MPH)
Batting: LHB Daryl Walken 0-0: Ball
1-0: Foul Ball, location: 2F
1-1: Fly out, F8 (Flyball, 8LXD, EV 111.9 MPH)
Batting: RHB Dez Swanson 0-0: Ball
1-0: Fly out, F8 (Flyball, 8LD, EV 87.5 MPH)
Top of the 8th over - 0 runs, 1 hit, 0 errors, 1 left on base; New Orleans 7 - Pittsburgh 2
BOTTOM OF THE 8TH
Pittsburgh Millers batting - Pitching for New Orleans Voodoo : LHP Kaleb Shannahan
Batting: RHB Isaac Pack 0-0: Ball
1-0: SINGLE (Groundball, 25, EV 70.6 MPH) (infield hit)
Batting: RHB LaMark Canete 0-0: Called Strike
0-1: Single, Error in OF, E9, batter to second base (Groundball, 34D, EV 103.1 MPH)
Isaac Pack to third
Batting: RHB Colton Coffin 0-0: Foul Ball, location: 2F
0-1: Ball
1-1: Swinging Strike
1-2: Fly out, F8 (Line Drive, 8RM, EV 99.4 MPH)
Batting: RHB Cato Flaig 0-0: DOUBLE (Line Drive, 78M, EV 111.9 MPH)
Isaac Pack scores
LaMark Canete scores
Pitching: LHP Clinton Yates
Batting: RHB Seth Laskie 0-0: Ball
1-0: Ground out 4-3 (Groundball, 4, EV 85.0 MPH)
Cato Flaig to third
Batting: RHB William Adkins 0-0: Ball
1-0: Ball
2-0: Called Strike
2-1: Foul Ball, location: 2F
2-2: Foul Ball, location: 2F
2-2: Ground out 6-3 (Groundball, 4M, EV 83.1 MPH)
Bottom of the 8th over - 2 runs, 3 hits, 1 error, 1 left on base; New Orleans 7 - Pittsburgh 4
TOP OF THE 9TH
New Orleans Voodoo batting - Pitching for Pittsburgh Millers : LHP Phil Cole
Pitching: RHP Shavar Hannan
Batting: LHB Tuck Vrsek 0-0: Called Strike
0-1: Ball
1-1: Ball
2-1: SINGLE (Groundball, 34D, EV 101.9 MPH)
Batting: RHB Darrin Cramer 0-0: Ball
1-0: Swinging Strike
1-1: Ball
2-1: Foul Ball, location: 2F
2-2: Fly out, F9 (Flyball, 9, EV 91.2 MPH)
Batting: RHB Peyton Ames 0-0: Called Strike
0-1: Grounds into double play, 6-4-3 (Groundball, 6M, EV 103.8 MPH)
Top of the 9th over - 0 runs, 1 hit, 0 errors, 0 left on base; New Orleans 7 - Pittsburgh 4
BOTTOM OF THE 9TH
Pittsburgh Millers batting - Pitching for New Orleans Voodoo : LHP Clinton Yates
Batting: RHB Conner Wilson 0-0: Called Strike
0-1: Ball
1-1: Swinging Strike
1-2: Reached via error on a dropped throw from 3B, E3 (Groundball, 5L, EV 109.4 MPH)
Batting: LHB Byron Carlton 0-0: Swinging Strike
0-1: Ball
1-1: Ball
2-1: SINGLE (Line Drive, 78S, EV 93.8 MPH)
Conner Wilson to second
Batting: RHB Tevin Hawkins 0-0: SINGLE (Groundball, 34D, EV 95.6 MPH)
Conner Wilson to third
Byron Carlton to second
Batting: RHB Isaac Pack 0-0: Ball
1-0: Called Strike
1-1: Ball
2-1: Ball
3-1: SINGLE (Groundball, 6S, EV 95.0 MPH)
Conner Wilson scores
Byron Carlton to third
Tevin Hawkins to second
Batting: RHB LaMark Canete 0-0: Swinging Strike
0-1: Ball
1-1: Ball
2-1: Swinging Strike
2-2: Strikes out swinging
Pitching: LHP Max Biggers
Batting: RHB Colton Coffin 0-0: Ball
1-0: Ball
2-0: Ball
3-0: Called Strike
3-1: Fly out, F7 (Flyball, 7LSF, EV 96.2 MPH)
Batting: RHB Cato Flaig 0-0: Ball
1-0: SINGLE (Groundball, 6MD, EV 94.4 MPH)
Byron Carlton scores
Tevin Hawkins to third
Isaac Pack to second
Runner from 3rd tries for Home, throw by CF and OUT! 8-2
Bottom of the 9th over - 2 runs, 4 hits, 1 error, 2 left on base; New Orleans 7 - Pittsburgh 6
Monday, April 29th , 2024 - OOTP Baseball 23.10 Build 110